 Dungeon Crawl Stone Soup version 0.23-a0-625-g1d2cd9b (webtiles) character file.

19249 zishaf the Fighter (level 13, -4/84 HPs)
             Began as a Kobold Enchanter on Dec 24, 2018.
             Was a Priest of Dithmenos.
             Slain by a salamander
             ... wielding a +0 trident
              (11 damage)
             ... in a volcano.
             The game lasted 00:41:47 (16723 turns).

zishaf the Fighter (Kobold Enchanter)              Turns: 16723, Time: 00:41:48

Health: -4/84      AC:  6    Str:  6    XL:     13   Next: 3%
Magic:  18/19      EV: 22    Int: 21    God:    Dithmenos [***...]
Gold:   668        SH:  0    Dex: 20    Spells: 12/20 levels left

rFire    + . .     SeeInvis .   a - +3 dagger (flame)
rCold    + . .     Gourm    .   (shield restricted)
rNeg     . . .     Faith    .   o - +2 robe {rC+ rF+}
rPois    +         Spirit   .   t - +1 hat {MR+}
rElec    .         Reflect  .   T - +0 cloak
rCorr    .         Harm     .   (no gloves)
MR       +....                  (no boots)
Stlth    +++++++...             (no amulet)
HPRegen  0.24/turn              M - ring of poison resistance
MPRegen  0.16/turn              l - +5 ring of dexterity

@: flying, wreathed by umbra
A: small, carnivore
a: Shadow Step, Renounce Religion


You were in a volcano.
You worshipped Dithmenos.
Dithmenos was most pleased with you.
You were not hungry.

You visited 3 branches of the dungeon, and saw 13 of its levels.
You also visited: Volcano.

You collected 668 gold pieces.

Inventory:

Hand Weapons
 a - a +3 dagger of flaming (weapon)
 b - the +1 hand crossbow of the Girdle {venom, rPois rF+ Dex+3}
   (You found it on level 9 of the Dungeon)

   It poisons the ammo it fires.
   It affects your dexterity (+3).
   It protects you from fire.
   It protects you from poison.
 O - a +0 blowgun
Missiles
 j - 32 poisoned needles
 m - 64 bolts
 J - 8 needles of sleeping
Armour
 k - a +2 robe of magic resistance
 o - a +2 robe of resistance (worn)
 t - a +1 hat of magic resistance (worn)
 T - a +0 cloak (worn)
Jewellery
 l - a +5 ring of dexterity (right hand)
 A - an uncursed ring of positive energy
 D - an uncursed amulet of regeneration {unknown}
 M - a ring of poison resistance (left hand)
Wands
 r - a wand of iceblast (20)
 x - a wand of flame (24)
 z - a wand of disintegration (12)
 F - a wand of random effects (13)
 R - a wand of paralysis (10)
 S - a wand of polymorph (8)
Scrolls
 f - 8 scrolls of remove curse
 h - 2 scrolls of amnesia
 n - 6 scrolls of teleportation
 p - a scroll of immolation {unknown}
 q - 2 scrolls of fear {unknown}
 s - a scroll of enchant weapon {unknown}
 u - 2 scrolls of magic mapping
 y - 2 scrolls of fog {unknown}
 B - a scroll of random uselessness {unknown}
 G - 2 scrolls of enchant armour {unknown}
 H - a scroll of holy word {unknown}
 K - a scroll of blinking {unknown}
 L - a scroll of vulnerability {unknown}
 N - a scroll of torment {unknown}
 P - 2 scrolls of identify
Potions
 c - 2 potions of ambrosia
 e - 8 potions of curing
 g - 5 potions of lignification
 i - 3 potions of mutation
 v - 2 potions of flight
 w - 3 potions of haste {unknown}
 C - 3 potions of heal wounds {unknown}
 E - 2 potions of might
 I - a potion of agility
 Q - a potion of resistance {unknown}
Comestibles
 d - 31 rations


   Skills:
 + Level 11.1 Fighting
 - Level 10.0 Short Blades
 * Level 5.8 Crossbows
 + Level 2.0 Throwing
 + Level 8.9 Dodging
 - Level 11.0 Stealth
 - Level 4.0 Spellcasting
 - Level 9.0 Hexes
 - Level 3.0 Summonings
 - Level 3.0 Ice Magic
 - Level 7.0 Evocations


You had 12 spell levels left.
You knew the following spells:

 Your Spells              Type           Power        Failure   Level  Hunger
a - Ensorcelled Hibernat  Hex/Ice        ####..       1%          2    #......
b - Call Imp              Summ           ###.....     5%          2    #......
d - Corona                Hex            #####..      1%          1    None
z - Confuse               Hex            #####...     1%          3    ###....

Your spell library contained the following spells:

 Spells                   Type           Power        Failure   Level  Hunger
 Confusing Touch          Hex            #####.       1%          1    None
 Slow                     Hex            #####...     1%          2    #......
 Tukima's Dance           Hex            #####...     1%          3    ###....
 Freeze                   Ice            ###.         3%          1    None
 Dazzling Spray           Conj/Hex       ###...       5%          3    ###....
 Throw Frost              Conj/Ice       ##....       10%         2    #......
 Beastly Appendage        Tmut           #.....       12%         1    None
 Magic Dart               Conj           #...         12%         1    None
 Sting                    Conj/Pois      #...         12%         1    None
 Blink                    Tloc           N/A          19%         2    #......
 Poisonous Vapours        Pois/Air       #.....       19%         2    #......
 Sticks to Snakes         Tmut           #.......     19%         2    #......
 Ozocubu's Armour         Chrm/Ice       ##......     19%         3    ###....
 Metabolic Englaciation   Hex/Ice        ####......   28%         5    ######.
 Conjure Flame            Conj/Fire      #.......     34%         3    ###....
 Gell's Gravitas          Tloc           #.........   34%         3    ###....
 Mephitic Cloud           Conj/Pois/Air  #.......     34%         3    ###....
 Spider Form              Tmut/Pois      #.........   34%         3    ###....
 Summon Ice Beast         Ice/Summ       ###.....     34%         4    ####...
 Yara's Violent Unravell  Hex/Tmut       ###.......   45%         5    ######.
 Ice Form                 Ice/Tmut       ##......     54%         4    ####...
 Throw Icicle             Conj/Ice       ##......     54%         4    ####...
 Olgreb's Toxic Radiance  Pois           #.......     75%         4    ####...
 Petrify                  Tmut/Erth      #.......     75%         4    ####...
 Blade Hands              Tmut           #.........   97%         5    ######.
 Venom Bolt               Conj/Pois      #.........   97%         5    ######.


Dungeon Overview and Level Annotations

Branches:
Dungeon (11/15)            Temple (1/1) D:6            Lair (1/6) D:10
    Orc (0/2) D:9

Altars:
Ashenzari
Cheibriados
Dithmenos
Elyvilon
Fedhas
Gozag
Hepliaklqana
Kikubaaqudgha
Makhleb
Nemelex Xobeh
Okawaru
Qazlal
Ru
Sif Muna
Trog
Uskayaw
Vehumet
Wu Jian
Xom
Yredelemnul
Zin
The Shining One

Shops:
D:6 *   D:8 *   D:11 (

Annotations:
D:4 exclusion: downstairs


Innate Abilities, Weirdness & Mutations

You are small and have problems with some larger weapons.
You are carnivorous and can eat meat at any time.


Message History

The salamander mystic casts a spell at you.
The bolt of magma hits the salamander.
The salamander partially resists.
The bolt of magma misses you.
The salamander hits you from afar with a +3 halberd!
* * * LOW HITPOINT WARNING * * *
You are engulfed in flames!
You resist.
* * * LOW HITPOINT WARNING * * *
The air gets thick with the scent of sulphur.
The salamander closely misses you.
The volcano roars to life, belching forth lava!
The salamander closely misses you. The salamander misses you.
The salamander barely misses you. The salamander misses you.
The salamander hits you from afar with a +0 trident!
* * * LOW HITPOINT WARNING * * *
You are engulfed in flames.
You resist.
* * * LOW HITPOINT WARNING * * *
The salamander completely misses you.
The salamander hits you from afar with a +0 trident!
You die...

##'########.≈≈≈≈§≈≈≈§≈≈≈§≈.......
............≈≈§≈§≈§§≈§§≈≈≈.....##
≈≈≈≈≈≈≈N§§§≈§§≈§§§≈§§§§§≈........
§≈≈≈≈§≈N§§§≈≈≈§§≈§§§§§§§≈§§§.....
§≈§§§§≈≈§§≈≈≈§§§§≈≈≈≈≈§≈≈≈§≈.....
≈§§§§§≈≈§§§≈§§§§§§≈≈≈≈≈≈§≈≈.....#
≈§§§≈§§≈≈§≈§≈NN§≈≈≈≈≈§§§.§......#
§≈§§≈§...§.≈≈≈N§≈§≈≈≈§≈.§§§..####
≈≈.§...§..§≈≈≈N≈@≈≈≈≈§§.....##
.......##.................###
.....#######.............##
#.#### ##..........### ###
#####.###.## ### ###


You could see a salamander mystic and 3 salamanders.

Vanquished Creatures
  Gastronok (D:9)
  Erica (D:8)
  A two-headed ogre (D:6)
  A death yak (D:9)
  Pikel (D:7)
  An ugly thing (D:11)
  A manticore (D:11)
  Maurice (D:11)
  2 spiny frogs (Lair:1)
  Psyche (D:8)
  A troll (D:11)
  Prince Ribbit (D:9)
  2 hippogriffs
  A fire bat (Volcano)
  2 basilisks
  Duvessa (D:5)
  2 hell hounds (Lair:1)
  2 water moccasins
  4 ice beasts
  A black bear (D:11)
  5 orc warriors
  3 phantoms
  A necrophage (D:8)
  3 sky beasts
  9 ogres
  4 centaurs
  2 crocodiles
  2 big kobolds
  8 bullfrogs
  Dowan (D:5)
  5 scorpions
  A wyvern skeleton (D:9)
  15 killer bees
  9 wights
  2 howler monkeys
  5 crimson imps
  6 orc priests
  A bullfrog zombie (D:8)
  4 hounds
  A jelly (D:9)
  3 centaur skeletons
  6 orc wizards
  8 iguanas
  Ijyb (D:4)
  14 worker ants
  A hound zombie (D:6)
  A worker ant zombie (D:10)
  15 adders
  4 gnolls
  3 shadow imps
  2 oozes
  An adder skeleton (D:8)
  2 worms
  7 dart slugs
  6 leopard geckos
  36 orcs
  6 bats
  8 giant cockroaches
  8 goblins
  4 hobgoblins
  8 jackals
  12 kobolds
  2 quokkas (D:6)
  3 frilled lizards
  A jackal zombie (D:6)
  A quokka skeleton (D:5)
  7 rats
285 creatures vanquished.

Vanquished Creatures (collateral kills)
  2 gnolls (D:6)
  An orc (D:6)
3 creatures vanquished.

Vanquished Creatures (others)
  2 slaves (D:8)
  A lava snake (Volcano)
  An orc wizard (D:8)
  A worker ant zombie (D:8)
  An adder (D:8)
  4 orcs (D:8)
10 creatures vanquished.

Grand Total: 298 creatures vanquished

Notes
Turn   | Place    | Note
-------+----------+-------------------------------------------
     0 | D:1      | zishaf the Kobold Enchanter began the quest for the Orb.
     0 | D:1      | Reached XP level 1. HP: 10/10 MP: 3/3
   377 | D:1      | Reached XP level 2. HP: 16/16 MP: 5/5
   393 | D:1      | Learned a level 2 spell: Ensorcelled Hibernation
   823 | D:1      | Reached XP level 3. HP: 20/20 MP: 6/6
  1676 | D:2      | Reached XP level 4. HP: 23/24 MP: 7/7
  1706 | D:2      | Noticed an ice beast
  1878 | D:1      | Learned a level 3 spell: Confuse
  1942 | D:2      | Reached skill level 1 in Fighting
  2296 | D:2      | Reached XP level 5. HP: 29/29 MP: 8/8
  2488 | D:2      | Reached skill level 1 in Ice Magic
  3378 | D:3      | Learned a level 2 spell: Call Imp
  3819 | D:3      | Reached skill level 5 in Stealth
  3917 | D:4      | Reached XP level 6. HP: 35/35 MP: 6/9
  4041 | D:4      | Noticed Ijyb
  4048 | D:4      | Killed Ijyb
  4048 | D:4      | Reached skill level 1 in Summonings
  4212 | D:4      | Noticed a phantom
  4218 | D:4      | Killed a phantom
  4218 | D:4      | Reached skill level 1 in Evocations
  4218 | D:4      | Reached XP level 7. HP: 33/40 MP: 6/10
  4459 | D:4      | Found a radiant altar of Vehumet.
  4752 | D:4      | Found an ornate altar of the Wu Jian Council.
  5008 | D:2      | Reached skill level 5 in Hexes
  5170 | D:4      | Reached XP level 8. HP: 46/46 MP: 4/11
  5334 | D:5      | Entered Level 5 of the Dungeon
  5377 | D:5      | Reached skill level 5 in Short Blades
  5436 | D:5      | Noticed Duvessa
  5436 | D:5      | Noticed Dowan
  5437 | D:5      | Killed Duvessa
  5441 | D:5      | Killed Dowan
  5767 | D:4      | HP: 2/48 [gnoll/+3 spear (2)]
  5772 | D:4      | HP: 1/48 [poisoned by an adder]
  6487 | D:5      | Reached XP level 9. HP: 52/52 MP: 0/12
  6590 | D:5      | Got a brightly glowing lajatang
  6591 | D:5      | Identified the +3 lajatang "Ighixkyz" {holy, rN+ MR- Str+2}
                  | (You found it on level 5 of the Dungeon)
  6886 | D:6      | Reached skill level 5 in Fighting
  7082 | D:6      | Found a bloodstained altar of Trog.
  7405 | D:6      | Found a snail-covered altar of Cheibriados.
  7405 | D:6      | Found a glowing golden altar of the Shining One.
  7407 | D:6      | Found a burning altar of Makhleb.
  7407 | D:6      | Found a basalt altar of Yredelemnul.
  7408 | D:6      | Noticed a two-headed ogre
  7410 | D:6      | Found a sacrificial altar of Ru.
  7538 | D:6      | Found a staircase to the Ecumenical Temple.
  7547 | Temple   | Entered the Ecumenical Temple
  7626 | Temple   | Became a worshipper of Dithmenos the Shadowed
  7661 | D:6      | Killed a two-headed ogre
  7661 | D:6      | Reached XP level 10. HP: 61/61 MP: 13/13
  7771 | D:6      | Found Omontush's General Store.
  7852 | D:6      | Reached skill level 10 in Stealth
  9056 | D:7      | Reached * piety under Dithmenos
  9541 | D:8      | Noticed Pikel
  9550 | D:7      | Killed Pikel
  9560 | D:8      | Found a shimmering altar of Xom.
  9630 | D:8      | Found Cotsamor's Assorted Antiques.
  9641 | D:8      | Reached skill level 10 in Fighting
  9641 | D:8      | Reached XP level 11. HP: 72/72 MP: 16/16
  9801 | D:8      | Noticed Psyche
  9805 | D:8      | Killed Psyche
  9850 | D:8      | Found a shimmering altar of Xom.
  9851 | D:8      | Found a shimmering altar of Xom.
  9851 | D:8      | Found a shimmering altar of Xom.
  9851 | D:8      | Found a shimmering altar of Xom.
  9960 | D:8      | Reached skill level 10 in Short Blades
 10023 | D:8      | Reached ** piety under Dithmenos
 10128 | D:8      | Noticed Erica
 10136 | D:8      | Killed Erica
 10467 | D:8      | Reached XP level 12. HP: 77/77 MP: 18/18
 10482 | D:8      | You fall through a shaft for 3 floors!
 10532 | D:11     | Noticed Maurice
 10963 | D:10     | Entered Level 10 of the Dungeon
 11030 | D:10     | Noticed a death yak
 11055 | D:9      | Noticed Gastronok
 11612 | D:9      | Got a transparent hand crossbow
 11613 | D:9      | Identified the cursed +1 hand crossbow of the Girdle
                  | {venom, rPois rF+ Dex+3} (You found it on level 9 of the
                  | Dungeon)
 11764 | D:8      | Noticed a fire crab
 11907 | D:9      | Found a staircase to the Orcish Mines.
 11963 | D:9      | Reached skill level 1 in Crossbows
 12184 | D:9      | Noticed Prince Ribbit
 12191 | D:9      | Killed Prince Ribbit
 12509 | D:9      | Killed Gastronok
 13261 | D:10     | Reached *** piety under Dithmenos
 14174 | D:9      | Killed a death yak
 14913 | D:10     | Found a bloodstained altar of Trog.
 14938 | D:10     | Found a staircase to the Lair.
 15198 | D:11     | Killed Maurice
 15556 | D:11     | Reached skill level 5 in Crossbows
 15556 | D:11     | Reached skill level 1 in Throwing
 15800 | D:11     | Found Kohajaang's Antique Weapon Boutique.
 15862 | Lair:1   | Entered Level 1 of the Lair of Beasts
 15978 | Lair:1   | Reached XP level 13. HP: 84/84 MP: 11/19
 15985 | Lair:1   | Found a dark tunnel.
 16055 | Volcano  | Entered a volcano
 16696 | Volcano  | Found a bloodstained altar of Trog.
 16723 | Volcano  | Slain by a salamander

Vault maps used:
D:1:      minmay_arrival_three_doors
D:4:      marbit_many_paths, vehumet_altar_wand_db, first_ration, uniq_ijyb
D:5:      minmay_misc_feat_columns, eino_tiny_chamber, uniq_duvessa
D:6:      kennysheep_six_static_rooms, general_overflow_altar,
          grunt_temple_overflow_open, temple_hall, serial_shops, shop,
          minmay_liquid_box
D:7:      serial_glass, glass_columns_a, glass_columns_a
D:8:      serial_shops, nicolae_shop_behind_doors, grunt_ogre_cave,
          xom_shifter_show, uniq_psyche, uniq_erica, uniq_pikel
D:9:      orc_0_dummy, uniq_gastronok, uniq_prince_ribbit1
D:10:     david_lair_generic, trog_book
D:11:     serial_shops, nicolae_shop_behind_doors, uniq_maurice
Temple:   nicolae_temple_great_sept
Lair:1:   enter_volcano_3, wad_woods_road_05, infiniplex_staircase_pool
Volcano:  volcano_lake

Skill      XL: |  1  2  3  4  5  6  7  8  9 10 11 12 13 |
---------------+----------------------------------------+-----
Short Blades   | 2 3 4 6 8 9 10 | 10.0
Fighting       | 1 2 3 4 6 10 11 | 11.1
Dodging        | 3 6 7 8 |  8.9
Ice Magic      | 1 2 3 |  3.0
Stealth        | 5 6 7 9 11 | 11.0
Hexes          | 4 5 7 9 |  9.0
Summonings     | 1 2 3 |  3.0
Evocations     | 1 2 4 6 7 |  7.0
Spellcasting   | 3 4 |  4.0
Crossbows      | 5 |  5.8
Throwing       | 1 2 |  2.0

Action                   |  1- 3 |  4- 6 |  7- 9 | 10-12 | 13-15 || total
-------------------------+-------+-------+-------+-------+-------++-------
Melee: Dagger            |   102 |    94 |   141 |   472 |     3 ||   812
 Fire: Hand crossbow     |       |       |       |    62 |       ||    62
 Cast: Corona            |     3 |     1 |       |       |       ||     4
       Ensorcelled Hiber |     3 |    24 |    67 |    86 |     5 ||   185
       Confuse           |       |     3 |    10 |    16 |     2 ||    31
       Call Imp          |       |       |     3 |     4 |       ||     7
Evoke: Wand              |       |       |     5 |    16 |     1 ||    22
  Use: Scroll            |       |       |     1 |    13 |       ||    14
       Potion            |       |       |       |     1 |     2 ||     3
 Stab: Sleeping          |     9 |    18 |    51 |    82 |     3 ||   163
       Confused          |       |     1 |     4 |    11 |       ||    16
       Distracted        |       |       |     2 |     2 |       ||     4
  Eat: Chunk             |    11 |    10 |    16 |    26 |       ||    63
Armor: Robe              |    12 |     8 |    24 |    33 |     1 ||    78
Dodge: Dodged            |    77 |    71 |   140 |   347 |    27 ||   662

Table legend:
 A = Non-vault XP
 B = Vault XP
 C = Vault XP percentage of total XP
 D = Non-vault monster count
 E = Vault monster count
 F = Vault count percentage of total count
                 A         B        C        D         E       F
            +---------+---------+-------+---------+---------+-------
      Total |   13456 |    7398 |  35.5 |     264 |      24 |   8.3
            +---------+---------+-------+---------+---------+-------
        D:1 |      59 |       0 |   0.0 |      22 |       0 |   0.0
        D:2 |     225 |       0 |   0.0 |      26 |       0 |   0.0
        D:3 |      71 |       0 |   0.0 |       6 |       0 |   0.0
        D:4 |     635 |     107 |  14.4 |      31 |       3 |   8.8
        D:5 |     747 |     238 |  24.2 |      16 |       2 |  11.1
        D:6 |    2339 |      36 |   1.5 |      31 |       5 |  13.9
        D:7 |    1477 |     641 |  30.3 |      29 |       1 |   3.3
        D:8 |    1169 |    1604 |  57.8 |      25 |       4 |  13.8
        D:9 |    1814 |    3502 |  65.9 |      31 |       3 |   8.8
       D:10 |     712 |     290 |  28.9 |      29 |       2 |   6.5
       D:11 |    3032 |     485 |  13.8 |      14 |       1 |   6.7
     Lair:1 |    1176 |     299 |  20.3 |       4 |       2 |  33.3
    Volcano |       0 |     196 | 100.0 |       0 |       1 | 100.0
            +---------+---------+-------+---------+---------+-------
